 Dungeon Crawl Stone Soup version 0.28-a0-919-g0b5b508569 (webtiles) character file.

Game seed: 13427759025931138900

84 enile the Sneak (level 4, -3/31 HPs)
             Began as an Octopode Brigand on Nov 26, 2021.
             Slain by a gnoll (7 damage)
             ... on level 2 of the Dungeon.
             The game lasted 00:04:24 (3354 turns).

enile the Sneak (Octopode Brigand)                  Turns: 3354, Time: 00:04:26

Health: -3/31      AC:  1    Str: 11    XL:     4   Next: 45%
Magic:  4/4        EV: 13    Int: 13    God:
Gold:   95         SH:  0    Dex: 13    Spells: 3/3 levels left

rFire   . . .      SeeInvis .   a - +2 dagger
rCold   . . .      Faith    .   (no shield)
rNeg    . . .      Spirit   .   (helmet restricted)
rPois   .          Reflect  .   (no amulet)
rElec   .          Harm     .   (no ring)
rCorr   .          Rampage  .   (no ring)
Will    .....                   (no ring)
Stlth   ++++......              (no ring)
HPRegen 0.10/turn               (no ring)
MPRegen 0.09/turn               (no ring)
                                (no ring)
                                (no ring)

@: no status effects
A: almost no armour, amphibious, 8 rings, camouflage 1, gelatinous body 1,
(nimble swimmer 1), tentacles
a: no special abilities


You were on level 2 of the Dungeon.
You visited 1 branch of the dungeon, and saw 3 of its levels.

You collected 95 gold pieces.

Inventory:

Hand Weapons
 a - a +2 dagger (weapon)
Missiles
 b - 6 poisoned darts (quivered)
 c - a curare-tipped dart
 g - 36 stones
Jewellery
 j - an amulet of magic regeneration
Scrolls
 d - a scroll of fog {unknown}
 e - a scroll of teleportation
Potions
 f - a potion of might {unknown}
 h - 2 potions of haste {unknown}
 i - 2 potions of curing {unknown}
 k - a potion of lignification {unknown}


   Skills:
 - Level 3.0 Fighting
 + Level 2.6 Short Blades
 - Level 3.0 Throwing
 - Level 2.0 Dodging
 - Level 5.3 Stealth


You had 3 spell levels left.
You didn't know any spells.
Your spell library was empty.

Dungeon Overview and Level Annotations

Branches:
Dungeon (3/15)

Altars:

Shops:
D:1 :


Innate Abilities, Weirdness & Mutations

You cannot wear most types of armour.
You are amphibious.
You can wear up to eight rings at the same time.
Your skin changes colour to match your surroundings (Stealth+).
Your rubbery body absorbs attacks. (AC +1, EV +1)
((You are camouflaged near water. (Stealth+)))
You have tentacles for arms and can constrict up to eight enemies at once.


Message History

There is an open door here.
You see here 18 sling bullets.
There is a stone staircase leading down here.
You climb downwards.
The gnoll misses you. The gnoll hits you with a +0 spear.
There is a stone staircase leading up, spattered with blood here.
You hit the gnoll. Your grab misses the gnoll.
The gnoll is heavily wounded.
The gnoll hits you with a +0 spear.
You barely miss the gnoll. You grab the gnoll.
The gnoll is heavily wounded.
You constrict the gnoll, but do no damage.
The gnoll hits you with a +0 spear!
You release your grip on the gnoll.
The gnoll misses you. The gnoll hits you with a +0 spear.
* * * LOW HITPOINT WARNING * * *
You climb upwards.
There is a stone staircase leading down here.
The gnoll closely misses you.
Unknown command.
Throw: 2 darts (curare)
Press: ? - help, Q - select action, (/) - cycle Shift-Dir - straight line, f - gnoll
Aim: a gnoll, wielding a +0 flail (63% to hit)
You throw a curare-tipped dart. The curare-tipped dart hits the gnoll.
The gnoll is poisoned.
The gnoll convulses.
The gnoll seems to slow down.
The gnoll is heavily wounded.
The gnoll hits you with a +0 flail!
* * * LOW HITPOINT WARNING * * *
You kill the gnoll!
Throw: dart (curare)
Press: ? - help, Q - select action, (/) - cycle Shift-Dir - straight line, f - gnoll
Aim: a gnoll, wielding a +0 spear (moderately wounded, 63% to hit)
Okay, then.
Throw: 7 darts (poison)
Press: ? - help, Q - select action, (/) - cycle Shift-Dir - straight line, f - gnoll
Aim: a gnoll, wielding a +0 spear (moderately wounded, 63% to hit)
You throw a poisoned dart.
The poisoned dart barely misses the gnoll.
The gnoll hits you from afar with a +0 spear!
You die...

.........# ##........##..#
#...##########..(.....##..#
.............+........##..#
.......#######........##..#
.......'.....+........'...#
.......#######........###.#
.......# #..g.....# #.#
.......##### #........# #.#
###........# #..@.....# #.#
#........# #........# #.#
#........# #........# #.#
###........# #........# #.#
..#........# #........# #.#
##### ..#........#
#........# #.# #....
..#........# ########## #.#
#.### ..#........#### #.#
#.# # ..#...........# #.#
#.# #


You could see a gnoll.

Vanquished Creatures
  2 gnolls
  An adder (D:2)
  2 worms (D:2)
  A dart slug (D:2)
  2 endoplasms (D:2)
  3 giant cockroaches
  2 goblins (D:2)
  4 hobgoblins
  6 jackals (D:1)
  2 quokkas (D:2)
  6 ball pythons
  3 bats
  A frilled lizard (D:2)
  6 kobolds
  4 rats (D:1)
45 creatures vanquished.

Notes
Turn   | Place    | Note
-------+----------+-------------------------------------------
     0 | D:1      | enile the Octopode Brigand began the quest for the Orb.
     0 | D:1      | Reached XP level 1. HP: 14/14 MP: 1/1
   508 | D:1      | Reached XP level 2. HP: 16/19 MP: 2/2
  1136 | D:1      | Found Losopeha's Book Shop.
  1554 | D:2      | Reached XP level 3. HP: 23/25 MP: 3/3
  2544 | D:2      | Reached XP level 4. HP: 31/31 MP: 4/4
  3354 | D:2      | Slain by a gnoll

Illustrated notes

Levels and vault maps discovered:
D:1:      nzn_arrival_depleted_hourglass, layout_basic, serial_shops, shop,
          chequers_serial_rivers_small_a
D:2:      minmay_evil_eye, layout_basic
D:3:      layout_rooms, mainiacjoe_overflow_paths, chequers_garden

Skill      XL: |  1  2  3 |
---------------+----------+-----
Dodging        | 2 |  2.0
Fighting       | 3 |  3.0
Throwing       | 3 |  3.0
Short Blades   | |  2.6
Stealth        | |  5.3

Action                   |  1- 3 |  4- 6 || total
-------------------------+-------+-------++-------
Melee: Dagger            |    71 |    10 ||    81
       Constrict         |    20 |     3 ||    23
       Tentacles         |    15 |     4 ||    19
Throw: Dart              |     3 |     2 ||     5
       Stone             |    70 |    14 ||    84
  Use: Scroll            |       |     1 ||     1
 Stab: Sleeping          |     1 |       ||     1
Armor: Skin              |     8 |       ||     8
Dodge: Dodged            |    29 |     7 ||    36

Table legend: (Time is in decaauts)
 A = Elapsed time spent in this place.
 B = Non-inter-level travel time spent in this place.
 C = Inter-level travel time spent in this place.
 D = Time resting spent in this place.
 E = Time spent auto-exploring this place.
 F = Levels seen in this place.
 G = Mean time per level.
                   A        B        C        D        E       F      G
               +--------+--------+--------+--------+--------+-----+--------+
         Total |   3344 |   3170 |    174 |    146 |   2652 |   3 | 1114.7 |
       Dungeon |   3344 |   3170 |    174 |    146 |   2652 |   3 | 1114.7 |
               +--------+--------+--------+--------+--------+-----+--------+

Top non-repeatable levels by time:
     D:2: 1777 daAuts
     D:1: 1532 daAuts
     D:3: 34 daAuts
